 Dungeon Crawl Stone Soup version 0.22-a0-292-g0df9d5f (webtiles) character file.

137029 Amnesiac the Stormcaller (level 17, -2/96 HPs)
             Began as a Tengu Wizard on Mar 23, 2018.
             Was a High Priest of Sif Muna.
             Killed from afar by a deep elf sorcerer (42 damage)
             ... with damnation
             ... on level 3 of the Elven Halls.
             The game lasted 01:10:17 (30174 turns).

Amnesiac the Stormcaller (Tengu Wizard)            Turns: 30174, Time: 01:10:17

Health: -2/96      AC: 12    Str:  7    XL:     17   Next: 23%
Magic:  0/38       EV: 23    Int: 25    God:    Sif Muna [*****.]
Gold:   1604       SH:  5    Dex: 14    Spells: 2/49 levels left

rFire    + . .     SeeInvis .   a - staff of air
rCold    + . .     Gourm    .   J - +0 buckler
rNeg     . . .     Faith    .   w - +2 robe {Archmagi}
rPois    .         Spirit   +   P - +2 hat
rElec    +         Reflect  .   l - scarf {rC+ rF+}
rCorr    .         Harm     .   k - +2 pair of gloves
MR       ++...                  (boots unavailable)
Stlth    ++........             o - amulet of guardian spirit
HPRegen  0.26/turn              K - ring of protection from magic
MPRegen  0.26/turn              i - +3 ring of protection

@: flying quickly and evasively, divine energy, deflect missiles, quick
A: beak, talons 3, able to fly 2
a: Stop Flying, Stop Divine Energy, Channel Magic, Forget Spell, Renounce
Religion


You were on level 3 of the Elven Halls.
You worshipped Sif Muna.
Sif Muna was extremely pleased with you.
You were not hungry.

You visited 4 branches of the dungeon, and saw 21 of its levels.

You collected 2028 gold pieces.
You spent 424 gold pieces at shops.

Inventory:

Hand Weapons
 b - a +8 hunting sling of velocity
 M - a +5 dagger
Missiles
 c - 503 stones (quivered)
 m - 8 curare-tipped needles
 s - 28 poisoned needles
 B - 2 throwing nets
 I - 5 needles of sleeping
 Q - 53 sling bullets
Armour
 k - a +2 pair of gloves (worn)
 l - a scarf of resistance (worn)
 w - a +2 robe of the Archmagi (worn)
 J - a +0 buckler (worn)
 N - a scarf of cloud immunity
 P - a +2 hat (worn)
Magical Staves
 a - an uncursed staff of air (weapon)
Jewellery
 e - an uncursed ring of fire
 i - a +3 ring of protection (right hand)
 o - an amulet of guardian spirit (around neck)
 E - the ring of the Albatross {rF+ Str+3 Dex+2, unknown}
   (You found it on level 1 of the Elven Halls)

   [ring of protection from fire]

   It affects your strength (+3).
   It affects your dexterity (+2).
   It protects you from fire.
 K - a ring of protection from magic (left hand)
Wands
 u - a wand of digging (30)
 C - a wand of acid (15)
Scrolls
 g - 9 scrolls of teleportation {!r}
 j - 9 scrolls of remove curse {!r}
 t - 2 scrolls of amnesia {!r}
 v - 4 scrolls of fog {!r}
 y - 2 scrolls of magic mapping {!r}
 z - 6 scrolls of identify {!r}
 D - 2 scrolls of enchant armour {!r}
 G - 2 scrolls of silence {!r}
 L - 4 scrolls of fear {!r}
 S - a scroll of enchant weapon {!r}
Potions
 f - 6 potions of lignification {!q}
 h - 2 potions of ambrosia {!q}
 n - 3 potions of agility {!q}
 p - 2 potions of berserk rage {!q}
 q - 2 potions of haste {!q}
 r - 9 potions of curing {!q}
 x - 4 potions of mutation {!q}
 A - 3 potions of resistance {!q}
 F - 3 potions of brilliance {!q}
 H - a potion of heal wounds {!q}
 O - 3 potions of flight {!q}
Comestibles
 d - 20 rations


   Skills:
 - Level 7.0 Fighting
 - Level 11.0 Dodging
 - Level 2.0 Stealth
 - Level 4.0 Shields
 * Level 16.8 Spellcasting
 - Level 16.1 Conjurations
 - Level 1.2 Summonings
 - Level 0.7 Translocations
 + Level 16.9 Air Magic
 - Level 8.0 Invocations


You had 2 spell levels left.
You knew the following spells:

 Your Spells              Type           Power        Failure   Level  Hunger
a - Stone Arrow           Conj/Erth      ######       1%          3    None
b - Ozocubu's Armour      Chrm/Ice       ####....     8%          3    None
c - Passwall              Tmut/Erth      ####......   3%          2    None
d - Orb of Destruction    Conj           ########..   2%          7    #####..
e - Mephitic Cloud        Conj/Pois/Air  ########     1%          3    None
f - Irradiate             Conj/Tmut      #######...   2%          5    None
g - Deflect Missiles      Chrm/Air       #######...   12%         6    ####...
q - Summon Lightning Spi  Summ/Air       #######.     1%          4    None
r - Regeneration          Chrm/Necr      ####......   8%          3    None
s - Conjure Flame         Conj/Fire      #######.     1%          3    None
v - Blink                 Tloc           N/A          2%          2    None
w - Conjure Ball Lightni  Conj/Air       ########..   1%          6    ####...


Dungeon Overview and Level Annotations

Branches:
Dungeon (15/15)            Temple (1/1) D:5            Lair (0/6) D:10
    Orc (2/2) D:12            Elf (3/3) Orc:2        Vaults (0/5) D:14
 Depths (0/5) D:15

Altars:
Ashenzari
Cheibriados
Dithmenos
Elyvilon
Fedhas
Gozag
Hepliaklqana
Kikubaaqudgha
Makhleb
Nemelex Xobeh
Okawaru
Qazlal
Ru
Sif Muna
Trog
Uskayaw
Vehumet
Wu Jian
Xom
Yredelemnul
Zin
The Shining One

Shops:
D:8 [:[=*   D:14 (?   Orc:2 }(!*

Annotations:
Elf:2 1 runed door


Innate Abilities, Weirdness & Mutations

You have a beak for a mouth.
You have claws for feet.
You can fly continuously.


Message History

Your ball lightning completely resists.
The bolt of lightning hits your ball lightning.
Your ball lightning completely resists.
The bolt of lightning hits you! You resist.
You hear a shout!
Casting: Conjure Ball Lightning (safe; 1% risk of failure)
Confirm with . or Enter, or press ? or * to list all spells.
You can't see any susceptible monsters within range! (Use Z to cast anyway.)
Casting: Conjure Ball Lightning (safe; 1% risk of failure)
Confirm with . or Enter, or press ? or * to list all spells.
Aiming: Orb of Destruction (safe; 2% risk of failure)
Press: ? - help, Shift-Dir - straight line, f - deep elf annihilator
Aim: a deep elf annihilator, wielding a long sword of freezing
Okay, then.
Casting: Orb of Destruction (safe; 2% risk of failure)
Confirm with . or Enter, or press ? or * to list all spells.
You feel a strong surge of power!
You create some ball lightning!
Your ball lightning explodes!
The blast of lightning engulfs your ball lightning.
Your ball lightning completely resists.
The blast of lightning engulfs your ball lightning.
Your ball lightning completely resists.
The blast of lightning engulfs your ball lightning.
Your ball lightning completely resists.
The blast of lightning engulfs your ball lightning.
Your ball lightning completely resists.
The blast of lightning engulfs the deep elf annihilator.
The deep elf annihilator is moderately wounded.
Your ball lightning explodes!
The blast of lightning engulfs your ball lightning.
Your ball lightning completely resists.
The blast of lightning engulfs your ball lightning.
Your ball lightning completely resists.
The blast of lightning engulfs the deep elf annihilator.
The deep elf annihilator is almost dead.
The blast of lightning engulfs your ball lightning.
Your ball lightning completely resists.
The deep elf sorcerer points at you and mumbles some strange words.
The bolt of acid misses you.
Your ball lightning explodes!
The blast of lightning engulfs your ball lightning.
Your ball lightning completely resists.
The blast of lightning engulfs the deep elf annihilator.
You kill the deep elf annihilator!
Sif Muna accepts your kill.
The blast of lightning engulfs your ball lightning.
Your ball lightning completely resists.
The blast of lightning engulfs you! You resist.
* * * LOW HITPOINT WARNING * * *
The deep elf sorcerer casts a spell at you.
The sphere of damnation explodes!
The damnation engulfs your ball lightning.
Your ball lightning explodes!
The blast of lightning engulfs you! You resist.
* * * LOW HITPOINT WARNING * * *
The blast of lightning engulfs the deep elf sorcerer.
You kill the deep elf sorcerer!
Sif Muna accepts your kill.
The blast of lightning engulfs your ball lightning.
Your ball lightning completely resists.
The blast of lightning engulfs your ball lightning.
Your ball lightning completely resists.
The damnation engulfs you!
You die...

..#+#...≈≈#..#...#
####....≈≈#..'...# ##
#....≈≈#..#)..#
.###....≈≈#..#...#
..##....≈≈#..#...#
...#......'..#...#
...#......'..#*.*#
...#......'..#...#
...#....≈≈#e.#..@#
...#....≈≈#..###'#
..##.(..≈≈#..+...#
.###....≈≈#..#..)# ##
#....≈≈#..#...# ##....≈≈#..#...#
e#
##.....≈≈#..#..)############..#
##.#...≈≈≈##'##..).§.e...#......
#.##...≈≈##...##....))..§'......


You could see 2 friendly ball lightnings.

Vanquished Creatures
  Asterion (Elf:1)
  A deep elf blademaster (Elf:2)
  Donald (Elf:1)
  4 deep elf sorcerers
  A deep elf elementalist (Elf:3)
  3 deep elf demonologists (Elf:3)
  A deep elf annihilator (Elf:3)
  A deep elf death mage (Elf:3)
  A fire dragon (D:14)
  An ogre mage (D:15)
  An ice dragon (D:15)
  2 vault guards (D:14)
  Erolcha (D:10)
  2 hydras
  A deep elf high priest (Elf:3)
  2 death knights
  3 centaur warriors
  10 two-headed ogres
  26 dancing weapons
  4 orc high priests (Orc:2)
  19 deep elf knights
  A skeletal warrior (D:13)
  The ghost of Amnesiac the Thaumaturge, a novice TeWz of Sif Muna (D:8)
  2 wizards (D:14)
  Pikel (D:4)
  14 deep elf archers
  4 orc knights (Orc:2)
  2 necromancers (D:14)
  4 cyclopes
  2 manticores
  7 orc sorcerers
  47 deep elf magi
  17 ugly things
  2 gargoyles
  4 komodo dragons
  A kobold demonologist (D:15)
  A yaktaur (D:13)
  2 freezing wraiths (D:15)
  An efreet (D:13)
  A tengu conjurer (D:14)
  The ghost of galech the Chopper, an amateur DDFi (D:4)
  6 trolls
  3 meliai
  A meliai (shapeshifter) (Elf:3)
  Prince Ribbit (D:6)
  4 hornets
  6 slime creatures
  2 hippogriffs
  A centaur simulacrum (D:14)
  A meliai zombie (D:12)
  8 redbacks (Elf:3)
  12 spriggans (D:14)
  3 air elementals
  A shadow (D:10)
  A spriggan (shapeshifter) (D:13)
  3 water elementals
  15 yaks
  A basilisk (D:14)
  3 wyverns
  4 wraiths
  Eustachio (D:4)
  2 hungry ghosts
  4 fire elementals
  18 humans (D:14)
  6 vampire mosquitoes
  A steam dragon (D:12)
  A warg (Orc:1)
  An acid dragon (D:15)
  2 soldier ants (D:14)
  2 water moccasins
  22 orc warriors
  9 ice beasts
  6 sky beasts
  4 slaves (D:4)
  3 phantoms
  3 black bears
  2 eyes of draining
  13 ogres
  3 boggarts (D:14)
  12 centaurs
  3 wolves (D:10)
  5 crocodiles
  15 bullfrogs
  2 earth elementals (Elf:2)
  3 wyvern zombies
  A water moccasin zombie (D:10)
  2 wyvern skeletons
  A water moccasin skeleton (D:7)
  A scorpion (D:9)
  15 killer bees
  8 wights
  8 howler monkeys
  2 electric eels (D:14)
  6 crimson imps
  3 centaur zombies
  4 bullfrog zombies
  2 jellies
  A wyvern simulacrum (D:9)
  5 centaur skeletons
  2 bullfrog skeletons (D:11)
  8 hounds
  19 orc priests
  22 orc wizards
  Ijyb (D:5)
  Natasha (thrice) (D:3)
  6 iguanas
  8 worker ants
  A bullfrog simulacrum (D:9)
  A hound zombie (D:4)
  A worker ant zombie (D:7)
  A howler monkey zombie (D:8)
  8 adders
  5 gnolls
  3 shadow imps
  A white imp (D:9)
  2 oozes
  4 adder zombies
  3 worms
  2 dart slugs
  7 leopard geckos
  58 orcs
  A ball python (D:7)
  8 bats
  7 giant cockroaches
  6 goblins
  11 hobgoblins
  3 quokkas
  8 frilled lizards
  12 kobolds
  A leopard gecko skeleton (D:9)
  A quokka zombie (D:6)
  8 rats
  A fungus (Elf:1)
  A plant (D:14)
713 creatures vanquished.

Vanquished Creatures (collateral kills)
  2 scorpions
  A killer bee (D:8)
  An orc (D:3)
4 creatures vanquished.

Vanquished Creatures (others)
  190 ball lightnings
  An orc wizard (D:9)
  7 fungi (D:15)
  42 plants
240 creatures vanquished.

Grand Total: 957 creatures vanquished

Notes
Turn   | Place    | Note
-------+----------+-------------------------------------------
     0 | D:1      | Amnesiac the Tengu Wizard began the quest for the Orb.
     0 | D:1      | Reached XP level 1. HP: 10/10 MP: 5/5
   212 | D:2      | Reached XP level 2. HP: 15/15 MP: 0/7
   216 | D:2      | Learned a level 2 spell: Call Imp
   363 | D:1      | Reached XP level 3. HP: 17/19 MP: 8/8
   377 | D:1      | Learned a level 3 spell: Mephitic Cloud
   677 | D:1      | Reached XP level 4. HP: 19/24 MP: 4/10
   933 | D:2      | Learned a level 3 spell: Conjure Flame
  1736 | D:3      | Reached skill level 5 in Conjurations
  1751 | D:3      | Noticed Natasha
  1760 | D:3      | Killed Natasha
  1760 | D:3      | Gained mutation: You can fly. [Tengu growth]
  1760 | D:3      | Reached XP level 5. HP: 27/28 MP: 6/11
  2142 | D:3      | Noticed Natasha
  2151 | D:3      | Killed Natasha
  2151 | D:3      | Reached skill level 1 in Fighting
  2170 | D:3      | Noticed Natasha
  2175 | D:3      | Killed Natasha
  2297 | D:4      | Noticed galech's ghost (amateur DDFi)
  2572 | D:4      | Killed galech's ghost
  2572 | D:4      | Reached skill level 5 in Dodging
  2572 | D:4      | Reached XP level 6. HP: 24/36 MP: 2/12
  2748 | D:4      | Reached XP level 7. HP: 32/40 MP: 13/13
  3010 | D:4      | Learned a level 2 spell: Blink
  3137 | D:4      | Noticed Eustachio
  3164 | D:4      | Killed Eustachio
  3242 | D:4      | Noticed Pikel
  3322 | D:4      | Killed Pikel
  3322 | D:4      | Reached XP level 8. HP: 19/48 MP: 5/15
  3525 | D:5      | Entered Level 5 of the Dungeon
  3595 | D:5      | Found a staircase to the Ecumenical Temple.
  3601 | Temple   | Entered the Ecumenical Temple
  3649 | Temple   | Became a worshipper of Sif Muna the Loreminder
  3747 | D:5      | Reached skill level 5 in Spellcasting
  3886 | D:5      | Reached * piety under Sif Muna
  3910 | D:5      | Reached skill level 5 in Air Magic
  4026 | D:5      | Reached XP level 9. HP: 31/52 MP: 16/18
  4050 | D:5      | Noticed Ijyb
  4058 | D:5      | Killed Ijyb
  4882 | D:6      | Reached ** piety under Sif Muna
  5378 | D:6      | Noticed Prince Ribbit
  5389 | D:6      | Killed Prince Ribbit
  5802 | D:7      | Reached XP level 10. HP: 21/57 MP: 12/22
  5843 | D:7      | Reached *** piety under Sif Muna
  6398 | D:8      | Found Exzenius's Book Emporium.
  6440 | D:8      | Found Engyompu's Jewellery Boutique.
  6517 | D:8      | Found Egyda's Antique Armour Shop.
  6536 | D:8      | Found a bloodstained altar of Trog.
  6756 | D:8      | Noticed Amnesiac's ghost (novice TeWz)
  6819 | D:8      | Killed Amnesiac's ghost
  7067 | D:8      | Found Icyhuipn's Antique Armour Emporium.
  7122 | D:8      | Bought an uncursed amulet of guardian spirit for 330 gold pieces
  7248 | D:8      | Noticed a two-headed ogre
  7259 | D:8      | Killed a two-headed ogre
  7259 | D:8      | Reached **** piety under Sif Muna
  7328 | D:8      | Learned a level 3 spell: Stone Arrow
  7487 | D:8      | Found the +8 demon blade "Leech" {vamp, rN+ AC-3 EV-3}
  7688 | D:8      | Found Eqixt's Assorted Antiques.
  7696 | D:8      | Bought a purple potion for 22 gold pieces
  7696 | D:8      | Bought a scroll labeled VUMAFI GASAFE for 25 gold pieces
  7696 | D:8      | Bought a murky orange potion for 22 gold pieces
  7696 | D:8      | Bought a scroll labeled VUMAFI GASAFE for 25 gold pieces
  8064 | D:9      | Reached XP level 11. HP: 61/61 MP: 3/25
  8203 | D:9      | Reached skill level 10 in Air Magic
  8214 | D:9      | Reached ***** piety under Sif Muna
  8217 | D:9      | Identified Odoir's Compendium of Attacks (Sif Muna gifted it to you on level 9 of the Dungeon)
  8217 | D:9      | Received a gift from Sif Muna
  8259 | D:9      | Learned a level 2 spell: Passwall
  8380 | D:9      | Reached skill level 1 in Shields
  8544 | D:10     | Entered Level 10 of the Dungeon
  8544 | D:10     | Noticed Erolcha
  8553 | D:10     | Killed Erolcha
  8908 | D:10     | Reached skill level 1 in Invocations
  9333 | D:10     | Reached skill level 5 in Invocations
  9389 | D:10     | Found a staircase to the Lair.
  9485 | D:10     | Got a crystal trident
  9953 | D:11     | Noticed a brown ugly thing
  9963 | D:11     | Killed a brown ugly thing
 10001 | D:11     | Noticed a two-headed ogre
 10021 | D:11     | Killed a two-headed ogre
 10071 | D:11     | Reached XP level 12. HP: 40/66 MP: 2/26
 11082 | D:12     | Reached skill level 5 in Fighting
 11488 | D:12     | Found a staircase to the Orcish Mines.
 11812 | D:13     | Identified the cursed +1 trident "Ipoajyud" {pierce, rElec rC+ rN+ Dex+2} (You found it on level 10 of the Dungeon)
 11866 | D:13     | Noticed a centaur warrior
 11985 | D:13     | Noticed a two-headed ogre
 11991 | D:13     | Killed a two-headed ogre
 12340 | D:12     | Reached skill level 10 in Dodging
 13073 | D:13     | Reached XP level 13. HP: 60/76 MP: 1/27
 13152 | D:13     | Reached skill level 10 in Spellcasting
 13152 | D:13     | Reached skill level 10 in Conjurations
 13392 | D:13     | Identified Sif Muna's Incunabulum of the Quantum Volcanoes (Sif Muna gifted it to you on level 13 of the Dungeon)
 13392 | D:13     | Received a gift from Sif Muna
 14603 | D:14     | Found Goagosut's Magic Scroll Shoppe.
 15523 | D:14     | Found Gaofer's Antique Weapon Emporium.
 16268 | D:14     | Found a shimmering altar of Xom.
 16993 | D:14     | Identified Lehudib's Catalogue of Attacks and the Rocks (Sif Muna gifted it to you on level 14 of the Dungeon)
 16993 | D:14     | Received a gift from Sif Muna
 17009 | D:14     | Learned a level 6 spell: Conjure Ball Lightning
 17361 | D:14     | Noticed a vault guard
 17377 | D:14     | Killed a vault guard
 17620 | D:14     | Gained mutation: You can fly continuously. [Tengu growth]
 17620 | D:14     | Reached XP level 14. HP: 44/82 MP: 0/30
 18786 | D:14     | Found a gate to the Vaults.
 19028 | D:15     | Entered Level 15 of the Dungeon
 19410 | D:15     | Found a blossoming altar of Fedhas.
 19775 | D:15     | Received a gift from Sif Muna
 19824 | D:15     | Learned a level 5 spell: Irradiate
 21487 | D:15     | Identified a scroll of acquirement {!r}
 21680 | D:15     | Found a burning altar of Makhleb.
 21755 | D:15     | Found a staircase to the Depths.
 21888 | Orc:1    | Entered Level 1 of the Orcish Mines
 22497 | Orc:2    | Entered Level 2 of the Orcish Mines
 23122 | Orc:2    | Found a staircase to the Elven Halls.
 23152 | Orc:2    | Reached XP level 15. HP: 80/86 MP: 22/33
 23281 | Orc:2    | Identified Sif Muna's Handbook of the Earthen Frostbite (Sif Muna gifted it to you on level 2 of the Orcish Mines)
 23281 | Orc:2    | Received a gift from Sif Muna
 23934 | Orc:2    | Found Poin's General Store.
 23934 | Orc:2    | Found Koasa's Gadget Emporium.
 23935 | Orc:2    | Found Wemorph's Weapon Boutique.
 23946 | Orc:2    | Found Daam's Distillery.
 24326 | Elf:1    | Entered Level 1 of the Elven Halls
 24526 | Elf:1    | Noticed Asterion
 24545 | Elf:1    | Killed Asterion
 24743 | Elf:1    | Noticed a deep elf sorcerer
 24752 | Elf:1    | Killed a deep elf sorcerer
 24752 | Elf:1    | Received a gift from Sif Muna
 24777 | Elf:1    | Learned a level 6 spell: Deflect Missiles
 24782 | Elf:1    | Learned a level 4 spell: Summon Lightning Spire
 25522 | Elf:1    | Noticed Donald
 25524 | Elf:1    | Killed Donald
 25768 | Elf:1    | Got a fine glass ring
 26262 | Elf:2    | Noticed a deep elf sorcerer
 26549 | Elf:2    | Killed a deep elf sorcerer
 26549 | Elf:2    | Reached skill level 15 in Air Magic
 26725 | Elf:2    | Reached skill level 15 in Spellcasting
 26726 | Elf:2    | Reached skill level 15 in Conjurations
 26726 | Elf:2    | Reached XP level 16. HP: 73/92 MP: 17/36
 27174 | Elf:2    | Received a gift from Sif Muna
 27196 | Elf:2    | Learned a level 7 spell: Orb of Destruction
 27422 | Elf:2    | Found a runed door.
 27444 | Elf:2    | Found a runed door.
 27719 | Elf:2    | Noticed a deep elf blademaster
 27730 | Elf:2    | Killed a deep elf blademaster
 28756 | Elf:3    | Entered Level 3 of the Elven Halls
 29111 | Elf:3    | Identified Sif Muna's Grimoire of Earthen Talismans (Sif Muna gifted it to you on level 3 of the Elven Halls)
 29111 | Elf:3    | Received a gift from Sif Muna
 29122 | Elf:3    | Learned a level 3 spell: Ozocubu's Armour
 29248 | Elf:3    | Learned a level 3 spell: Regeneration
 29722 | Elf:3    | Reached XP level 17. HP: 96/96 MP: 0/38
 30174 | Elf:3    | Killed from afar by a deep elf sorcerer

Vault maps used:
D:1:      saegor_arrival_simple_c, minmay_tree_intersection, minmay_heptomino_l4
D:2:      serial_forest, infiniplex_forest_lined_room_, infiniplex_forest_join,
          infiniplex_forest_lined_2, infiniplex_forest_straight_5,
          infiniplex_forest_lined_1, infiniplex_forest_lined_2,
          infiniplex_forest_clump_diagonal, infiniplex_forest_lined_room_3,
          infiniplex_forest_lined_3
D:3:      first_ration, feat_on_display, uniq_natasha
D:4:      uniq_eustachio, uniq_pikel
D:5:      minmay_temple_entry_hall, uniq_ijyb
D:6:      uniq_prince_ribbit1
D:7:      grunt_ogre_cave
D:8:      trog_ov_bears_minmay, serial_shops, nicolae_shop_trees, shop_coins,
          shop, shop, kennysheep_mini_moat
D:9:      serial_ice, serial_ice_h, serial_ice_n, serial_ice_b, serial_ice_g,
          serial_ice_m, st_stairs_11
D:10:     erik_lair_island, uniq_erolcha
D:12:     orc_0_dummy
D:13:     minmay_strange_pillars, nicolae_twisting_strands,
          hangedman_corner_corridor
D:14:     kb_forest_paths, grunt_vaults_entry_tiered, serial_bayou,
          serial_bayou_ford_a, serial_bayou_pond_b, serial_bayou_pond_e,
          serial_bayou_lagoon_a, serial_shops, nicolae_shop_overgrown_old_shop,
          nicolae_shop_crystal, lemuel_statue_altar
D:15:     grunt_enter_depths_hoard, fedhas_altar_3, makhleb_altar_promises_db
Temple:   grunt_wide_crystal_templ
Orc:2:    st_orc_elflike, statue_in_the_mist_lemuel,
          nicolae_orc_sculptors_studio
Elf:1:    eino_elf_arrival_the_gate, serial_co_window_serial,
          co_window_corner_a, co_window_corner_a, co_window_corner_a,
          co_window_corner_a, co_window_corner_a, co_window_unsneaky_path_c,
          co_window_paths_c, co_window_2corner, co_window_unsneaky_path_a,
          co_window_broadway_b, co_window_4corner_a, uniq_asterion, uniq_donald
Elf:3:    minmay_elf_hall_x, basic_altar, spider_trap

Skill      XL: |  1  2  3  4  5  6  7  8  9 10 11 12 13 14 15 16 |
---------------+-------------------------------------------------+-----
Conjurations   | 2 3 4 5 7 9 11 13 15 16 | 16.1
Fighting       | 2 4 7 |  7.0
Dodging        | 5 7 11 | 11.0
Spellcasting   | 4 5 7 9 11 13 15 16 | 16.8
Air Magic      | 5 7 9 10 12 13 15 16 | 16.9
Shields        | 4 |  4.0
Invocations    | 7 8 |  8.0
Stealth        | |  2.0
Summonings     | |  1.2
Translocations | |  0.7

Action                   |  1- 3 |  4- 6 |  7- 9 | 10-12 | 13-15 | 16-18 || total
-------------------------+-------+-------+-------+-------+-------+-------++-------
Melee: Unarmed           |     3 |       |       |       |       |       ||     3
       Hunting sling     |       |       |       |     1 |       |       ||     1
       Trident           |       |       |       |       |    76 |       ||    76
       Kick              |       |       |       |       |    14 |     4 ||    18
       Peck              |       |       |       |       |     6 |     3 ||     9
       Staff             |       |       |       |       |     1 |    16 ||    17
 Fire: Hunting sling     |    66 |   136 |   364 |   802 |   146 |       ||  1514
 Cast: Magic Dart        |    29 |    14 |    16 |    28 |       |       ||    87
       Mephitic Cloud    |       |     1 |    16 |    25 |    10 |       ||    52
       Conjure Flame     |       |     1 |    10 |    40 |    32 |       ||    83
       Call Imp          |       |     1 |     1 |     4 |       |       ||     6
       Blink             |       |       |     4 |     2 |     2 |       ||     8
       Stone Arrow       |       |       |       |   162 |   489 |    39 ||   690
       Conjure Ball Ligh |       |       |       |       |    50 |    17 ||    67
       Irradiate         |       |       |       |       |     8 |     9 ||    17
       Deflect Missiles  |       |       |       |       |     1 |     1 ||     2
       Orb of Destructio |       |       |       |       |       |    60 ||    60
Invok: Divine Energy     |       |       |     1 |       |       |       ||     1
       Channel Magic     |       |       |       |       |       |     1 ||     1
 Abil: Fly               |       |       |       |     3 |     1 |       ||     4
Evoke: Wand              |       |       |       |       |     1 |       ||     1
  Use: Scroll            |       |     8 |     6 |    19 |     7 |       ||    40
       Potion            |       |     1 |       |     3 |     3 |       ||     7
 Stab: Confused          |       |       |       |       |     3 |       ||     3
  Eat: Chunk             |       |     6 |    10 |    25 |    31 |    33 ||   105
       Ration            |       |       |       |       |     6 |       ||     6
Armor: Robe              |     3 |    10 |    18 |     4 |    25 |    12 ||    72
       Skin              |       |    10 |       |       |       |       ||    10
       Ring mail         |       |       |       |   199 |    88 |       ||   287
Dodge: Dodged            |    22 |    29 |    84 |   338 |   305 |    53 ||   831
       Deflected         |       |       |       |       |     4 |    17 ||    21
Block: Buckler           |       |       |       |    80 |    83 |    12 ||   175

Table legend:
 A = Spawn XP
 B = Non-spawn XP
 C = Spawn XP percentage of total XP
 D = Spawn monster count
 E = Non-spawn monster count
 F = Spawn count percentage of total count
 G = Total turns spent on level
                    A         B        C        D         E        F      G
               +---------+---------+-------+---------+---------+-------+---------
         Total |       0 |  195756 |   0.0 |       0 |     712 |   0.0 | 30174
               +---------+---------+-------+---------+---------+-------+---------
           D:1 |       0 |      74 |   0.0 |       0 |      33 |   0.0 |   690
           D:2 |       0 |      35 |   0.0 |       0 |      15 |   0.0 |   860
           D:3 |       0 |     186 |   0.0 |       0 |      19 |   0.0 |  1190
           D:4 |       0 |    1257 |   0.0 |       0 |       9 |   0.0 |   785
           D:5 |       0 |    1004 |   0.0 |       0 |      19 |   0.0 |   871
           D:6 |       0 |    1455 |   0.0 |       0 |      27 |   0.0 |   989
           D:7 |       0 |    1304 |   0.0 |       0 |      24 |   0.0 |   934
           D:8 |       0 |    2770 |   0.0 |       0 |      25 |   0.0 |  1399
           D:9 |       0 |    2561 |   0.0 |       0 |      38 |   0.0 |   972
          D:10 |       0 |    5482 |   0.0 |       0 |      48 |   0.0 |  1074
          D:11 |       0 |    3415 |   0.0 |       0 |      22 |   0.0 |   639
          D:12 |       0 |    7582 |   0.0 |       0 |      45 |   0.0 |  2468
          D:13 |       0 |   11688 |   0.0 |       0 |      37 |   0.0 |  2592
          D:14 |       0 |   24271 |   0.0 |       0 |      83 |   0.0 |  4326
          D:15 |       0 |   17403 |   0.0 |       0 |      49 |   0.0 |  2037
         Orc:1 |       0 |    2864 |   0.0 |       0 |      25 |   0.0 |  1116
         Orc:2 |       0 |   12185 |   0.0 |       0 |      55 |   0.0 |  1322
         Elf:1 |       0 |   23842 |   0.0 |       0 |      33 |   0.0 |  2091
         Elf:2 |       0 |   46923 |   0.0 |       0 |      64 |   0.0 |  2460
         Elf:3 |       0 |   29455 |   0.0 |       0 |      42 |   0.0 |  1297
               +---------+---------+-------+---------+---------+-------+---------
